 Dungeon Crawl Stone Soup version 0.23.0-2-g0fe3ce5 (webtiles) character file.

Game seed: 2185703414422478581

3895 wrhowe the Cleaver (level 10, -1/86 HPs)
             Began as a Minotaur Fighter on Feb 19, 2019.
             Was a Believer of Okawaru.
             Slain by a two-headed ogre
             ... wielding a +0 dire flail
              (11 damage)
             ... on level 8 of the Dungeon.
             The game lasted 01:06:03 (6850 turns).

wrhowe the Cleaver (Minotaur Fighter)               Turns: 6850, Time: 01:06:04

Health: -1/86      AC: 12    Str: 27    XL:     10   Next: 0%
Magic:  9/9        EV:  8    Int:  5    God:    Okawaru [**....]
Gold:   347        SH: 11    Dex: 10    Spells: 9/9 levels left

rFire    . . .     SeeInvis +   a - +0 war axe
rCold    . . .     Gourm    .   c - +0 shield
rNeg     . . .     Faith    .   p - +0 chain mail
rPois    .         Spirit   .   (helmet restricted)
rElec    .         Reflect  .   (no cloak)
rCorr    .         Harm     .   n - +0 pair of gloves {Str+3}
MR       +....                  (no boots)
Stlth    ..........             y - amulet of regeneration
HPRegen  0.64/turn              l - ring of see invisible
MPRegen  0.11/turn              (no ring)

@: no status effects
A: retaliatory headbutt, horns 2, magic resistance 1, screaming 1, MP-powered
wands
a: Heroism, Renounce Religion


You were on level 8 of the Dungeon.
You worshipped Okawaru.
Okawaru was pleased with you.
You were not hungry.

You visited 2 branches of the dungeon, and saw 9 of its levels.

You collected 347 gold pieces.

Inventory:

Hand Weapons
 a - a +0 war axe (weapon)
 b - a +0 battleaxe
 u - a +4 flail of protection
 G - a +0 shortbow
 J - a +2 shortbow of freezing
Missiles
 k - 134 arrows
 q - 7 tomahawks (quivered)
 r - 7 javelins
Armour
 c - a +0 shield (worn)
 n - a +0 pair of gloves of strength (worn)
 p - a +0 chain mail (worn)
 D - a scarf of spirit shield
Jewellery
 l - a ring of see invisible (left hand)
 s - an uncursed amulet of the acrobat
 y - an amulet of regeneration (around neck)
 C - a cursed ring of protection from fire
Wands
 o - a wand of flame (27)
 t - a wand of digging (4)
 x - a wand of acid (8)
 I - a wand of enslavement (6)
Scrolls
 e - 6 scrolls of remove curse
 g - 6 scrolls of identify
 i - a scroll of amnesia
 w - a scroll of noise {unknown}
 z - 2 scrolls of teleportation {unknown}
 B - a scroll of summoning {unknown}
 F - a scroll of enchant armour {unknown}
 H - 2 scrolls of fog {unknown}
Potions
 d - 3 potions of might
 h - 2 potions of curing
 j - 3 potions of flight
 v - a potion of brilliance {unknown}
 A - a potion of agility
 K - a potion of haste
Comestibles
 f - 13 rations
 E - 4 chunks of flesh


   Skills:
 + Level 7.0 Fighting
 * Level 12.4 Axes
 + Level 0.9(8.1) Maces & Flails
 + Level 7.6 Armour
 + Level 2.4 Dodging
 + Level 0.1 Stealth
 + Level 7.8 Shields


You had 9 spell levels left.
You didn't know any spells.
Your spell library contained the following spells:

 Spells                   Type           Power        Failure   Level  Hunger
 Beastly Appendage        Tmut           #.....       100%        1    ##.....
 Freeze                   Ice            #...         100%        1    ##.....
 Sticks to Snakes         Tmut           #.......     100%        2    ###....
 Throw Frost              Conj/Ice       #.....       100%        2    ###....
 Ozocubu's Armour         Chrm/Ice       #.......     100%        3    ####...
 Recall                   Summ/Tloc      N/A          100%        3    ####...
 Spider Form              Tmut/Pois      #.........   100%        3    ####...
 Animate Dead             Necr           N/A          100%        4    #####..
 Ice Form                 Ice/Tmut       #.......     100%        4    #####..
 Summon Ice Beast         Ice/Summ       #.......     100%        4    #####..
 Throw Icicle             Conj/Ice       #.......     100%        4    #####..
 Blade Hands              Tmut           #.........   100%        5    ######.
 Borgnjor's Vile Clutch   Necr/Erth      #.........   100%        5    ######.
 Death Channel            Necr           #.........   100%        6    #######
 Simulacrum               Ice/Necr       #.........   100%        6    #######


Dungeon Overview and Level Annotations

Branches:
Dungeon (8/15)             Temple (1/1) D:5
   Lair: D:8-11

Altars:
Ashenzari
Cheibriados
Dithmenos
Elyvilon
Fedhas
Gozag
Hepliaklqana
Kikubaaqudgha
Nemelex Xobeh
Okawaru
Qazlal
Ru
Sif Muna
Trog
Uskayaw
Vehumet
Wu Jian
Xom
Yredelemnul
Zin
The Shining One


Innate Abilities, Weirdness & Mutations

You reflexively headbutt those who attack you in melee.
You have a pair of horns on your head.
You are resistant to hostile enchantments. (MR+)
You occasionally shout uncontrollably at your foes.
You expend magic power (3 MP) to strengthen your wands.


Message History

It was a potion of mutation.
You feel extremely strange.
You feel your magical essence link to your wands.
You feel the urge to shout.
You feel resistant to hostile enchantments.
The orc warrior barely misses you.
The two-headed ogre hits you but does no damage.
The two-headed ogre completely misses you.
The iguana bites the plant.
You block the yak's attack. The yak gores you but does no damage.
You hit the yak. You headbutt the yak, but do no damage.
The yak is heavily wounded.
You hit the yak. You slash the fungus! You hit the two-headed ogre.
You slash the plant! You closely miss the orc warrior. You slash the fungus!
The orc warrior hits you with a +0 short sword.
* * * LOW HITPOINT WARNING * * *
The iguana bites the plant but does no damage.
You block the yak's attack.
The two-headed ogre hits you but does no damage.
The two-headed ogre hits you with a +0 giant club!
You die...

######## #....#
#..#####... #..).#
###..........
########....#
#............
#...........#
#............
#.######.####
#............ ###......###
#.........#..
#.P...P..P.########.####..
#.....P.POP.P# #..# #..
#..P....lP@YP# ##.# #..
...P..PP.PoPY..# ... #.#
.....P####P.PP.....
....##.# ...P..
#..............##.# ..P...
#............#.##. .P
#.P.P...)#### .#
.P.P.....# .. .........#


You could see a two-headed ogre, 2 yaks, an orc warrior and an iguana.

Vanquished Creatures
  Grinder (D:5)
  Prince Ribbit (D:8)
  2 hungry ghosts (D:7)
  Menkaure (D:5)
  Edmund (D:5)
  An orc warrior (D:8)
  A sky beast (D:6)
  A black bear (D:7)
  2 phantoms
  An ogre (D:5)
  A necrophage (D:7)
  2 centaurs
  Blork the orc (D:5)
  4 bullfrogs
  3 killer bees (D:6)
  7 howler monkeys
  3 crimson imps
  A bullfrog zombie (D:5)
  A centaur zombie (D:7)
  4 hounds
  7 orc priests
  12 orc wizards
  2 bullfrog skeletons
  3 iguanas
  Natasha (D:2)
  4 worker ants
  2 hound zombies (D:8)
  Robin (D:2)
  8 gnolls
  11 adders
  A shadow imp (D:5)
  An ooze (D:1)
  3 adder skeletons
  2 dart slugs
  4 worms
  4 leopard geckos
  46 orcs
  3 giant cockroaches
  11 goblins
  7 hobgoblins
  13 jackals
  4 quokkas
  A ball python (D:3)
  7 bats
  9 frilled lizards
  A jackal zombie (D:6)
  12 kobolds
  A leopard gecko skeleton (D:4)
  A leopard gecko zombie (D:5)
  A quokka skeleton (D:4)
  6 rats
228 creatures vanquished.

Vanquished Creatures (others)
  An orc (D:4)
  9 fungi (D:8)
  2 plants (D:8)
12 creatures vanquished.

Grand Total: 240 creatures vanquished

Notes
Turn   | Place    | Note
-------+----------+-------------------------------------------
     0 | D:1      | wrhowe the Minotaur Fighter began the quest for the Orb.
     0 | D:1      | Reached XP level 1. HP: 19/19 MP: 0/0
    97 | D:1      | Reached XP level 2. HP: 15/27 MP: 1/1
   690 | D:2      | Reached XP level 3. HP: 25/33 MP: 2/2
   818 | D:2      | Noticed Robin
   819 | D:2      | Reached skill level 3 in Axes
   833 | D:2      | Killed Robin
   833 | D:2      | Reached XP level 4. HP: 29/40 MP: 3/3
  1097 | D:2      | Noticed Natasha
  1105 | D:2      | Killed Natasha
  1335 | D:3      | Reached skill level 4 in Axes
  1335 | D:3      | Reached XP level 5. HP: 38/47 MP: 4/4
  1400 | D:3      | HP: 2/47 [orc/+0 flail (7)]
  1785 | D:3      | Reached skill level 5 in Axes
  1924 | D:4      | Reached XP level 6. HP: 34/53 MP: 5/5
  1938 | D:3      | Reached skill level 5 in Armour
  2492 | D:4      | Reached skill level 5 in Shields
  2592 | D:4      | Reached skill level 6 in Axes
  2643 | D:4      | Found a blossoming altar of Fedhas.
  2681 | D:4      | Found a shimmering altar of Xom.
  2999 | D:5      | Entered Level 5 of the Dungeon
  3009 | D:5      | Reached XP level 7. HP: 55/60 MP: 6/6
  3026 | D:5      | Noticed Grinder
  3030 | D:5      | Paralysed by Grinder for 6 turns
  3055 | D:5      | HP: 2/60 [Grinder (2)]
  3057 | D:5      | Paralysed by Grinder for 4 turns
  3063 | D:5      | Killed Grinder
  3063 | D:5      | Reached skill level 5 in Fighting
  3063 | D:5      | Reached skill level 7 in Axes
  3374 | D:5      | Reached skill level 1 in Dodging
  3646 | D:5      | Noticed Menkaure
  3651 | D:5      | Killed Menkaure
  3963 | D:5      | Noticed Edmund
  3980 | D:5      | Killed Edmund
  3980 | D:5      | Reached skill level 8 in Axes
  3980 | D:5      | Reached XP level 8. HP: 53/69 MP: 7/7
  4090 | D:5      | Found a staircase to the Ecumenical Temple.
  4095 | D:5      | Noticed Blork the orc
  4104 | D:5      | Killed Blork the orc
  4121 | Temple   | Entered the Ecumenical Temple
  4205 | Temple   | Became a worshipper of Warmaster Okawaru
  4743 | D:6      | Reached skill level 9 in Axes
  5240 | D:6      | Reached skill level 10 in Axes
  5330 | D:6      | Reached XP level 9. HP: 32/75 MP: 8/8
  5862 | D:7      | Reached * piety under Okawaru
  5894 | D:7      | Upgraded the game from 0.23.0 to 0.23.0-2-g0fe3ce5
  6149 | D:7      | Reached skill level 11 in Axes
  6391 | D:7      | Found a radiant altar of Vehumet.
  6391 | D:7      | Found a white marble altar of Elyvilon.
  6397 | D:7      | Found a glowing silver altar of Zin.
  6399 | D:7      | Found a shadowy altar of Dithmenos.
  6400 | D:7      | Found a bloodstained altar of Trog.
  6446 | D:8      | Found a blossoming altar of Fedhas.
  6446 | D:8      | Found a stormy altar of Qazlal.
  6552 | D:8      | Noticed Prince Ribbit
  6620 | D:7      | Reached ** piety under Okawaru
  6624 | D:7      | Reached skill level 12 in Axes
  6641 | D:8      | Killed Prince Ribbit
  6765 | D:8      | Reached XP level 10. HP: 71/86 MP: 9/9
  6838 | D:8      | Noticed a two-headed ogre
  6849 | D:8      | Gained mutation: You expend magic power (3 MP) to
                  | strengthen your wands. [potion of mutation]
  6849 | D:8      | Gained mutation: You occasionally shout uncontrollably at
                  | your foes. [potion of mutation]
  6849 | D:8      | Gained mutation: You are resistant to hostile enchantments.
                  | (MR+) [potion of mutation]
  6850 | D:8      | Slain by a two-headed ogre

Skill      XL: |  1  2  3  4  5  6  7  8  9 |
---------------+----------------------------+-----
Shields        | 4 5 6 7 |  7.8
Fighting       | 4 5 6 7 |  7.0
Armour         | 4 5 6 7 |  7.6
Axes           | 3 4 5 6 8 10 12 | 12.4
Dodging        | 1 2 |  2.4
Maces & Flails | |  0.9
Stealth        | |  0.1

Action                   |  1- 3 |  4- 6 |  7- 9 | 10-12 || total
-------------------------+-------+-------+-------+-------++-------
Melee: War axe           |    76 |   197 |   331 |     6 ||   610
       Headbutt          |    16 |    24 |    65 |     2 ||   107
       Flail             |       |       |    24 |       ||    24
  Use: Scroll            |       |     4 |     4 |       ||     8
       Potion            |       |     6 |       |     1 ||     7
  Eat: Chunk             |       |     3 |     4 |     1 ||     8
       Ration            |       |     2 |     5 |       ||     7
Armor: Scale mail        |    50 |    34 |       |       ||    84
       Chain mail        |       |    99 |   162 |    10 ||   271
Dodge: Dodged            |    23 |    57 |    96 |     5 ||   181
Block: Shield            |    49 |   164 |   194 |     7 ||   414
